 Dungeon Sprint DCSS version 0.20-a0-59-g66a9409 (webtiles) character file.

1000000 packetloss the Severer (level 12, -26/85 HPs)
             Began as a Ghoul Warper on Nov 17, 2016.
             Was an Initiate of Makhleb.
             Annihilated by a bag of meat
             ... wielding a +9 war axe
              (37 damage)
             ... in the Dungeon (Sprint VIII: "Arena of Blood").
             The game lasted 00:00:23 (10 turns).

packetloss the Severer (Ghoul Warper)                 Turns: 10, Time: 00:00:24

Health: -26/85     AC:  3    Str: 16    XL:     12   Next: 2%
Magic:  13/13      EV: 20    Int:  8    God:    Makhleb [......]
Gold:   0          SH:  0    Dex: 12    Spells: 0 memorised, 14 levels left

rFire  . . .     SeeInvis .     l - +∞ Axe of Woe
rCold  + . .     Gourm    .     b - +0 leather armour
rNeg   + + +     Faith    .     (shield currently unavailable)
rPois  ∞         Spirit   .     (no helmet)
rElec  .         Reflect  .     (no cloak)
rCorr  .         Harm     .     (no gloves)
MR     .....     NoTele   +     (no boots)
Stlth  +.........               (no amulet)
                                (no ring)
                                (no ring)

@: rotting
A: rotting body, claws 1, carnivore 3, cold resistance 1, negative energy
resistance 3, slow regeneration 1, torment resistance, unbreathing
a: Renounce Religion


You were in the Dungeon.
You worshipped Makhleb.
Makhleb was noncommittal.
You were not hungry.

You visited 1 branch

Inventory:

Hand Weapons
 a - a +0 hand axe
 l - the +∞ Axe of Woe (weapon)
   (You found it in the Dungeon)
Missiles
 e - 5 tomahawks of dispersal {=f}
Armour
 b - a +0 leather armour (worn)
Scrolls
 d - 2 scrolls of blinking {!r}
Potions
 g - a potion of curing
 h - a potion of heal wounds
 i - a potion of haste
 j - 2 potions of magic
 k - a potion of berserk rage {!q}
Books
 c - a book of Spatial Translocations
Comestibles
 f - a meat ration {@e2}


   Skills:
 - Level 2.1 Fighting
 * Level 20.4 Axes
 - Level 0.8 Throwing
 - Level 0.8 Armour
 + Level 15.3 Dodging
 - Level 1.7 Spellcasting
   Level 2.6 Translocations


You had 14 spell levels left.
You didn't know any spells.

Dungeon Overview and Level Annotations

Branches:
Dungeon (1/1)

Altars:
Makhleb


Innate Abilities, Weirdness & Mutations

Your body is rotting away.
You thrive on raw meat.
You are immune to poison.
You have sharp fingernails.
You are carnivorous and can eat meat at any time.
Your flesh is cold resistant. (rC+)
You are immune to negative energy. (rN+++)
You regenerate slowly when monsters are visible.
You are immune to unholy pain and torment.
You can survive without breathing.


Message History

------------------------------------------------------------------------------ ------------------------------------------------------------------------------ -- -- -- The Arena Of Blood -- -- -- -- -- -- -- -- You descend into the pit of gibs and meat, -- -- The sunken abyss of the depraved, -- -- The mill of turgid gutspawn. -- -- The writhen instruments serve in adoration, -- -- Immured beneath a rotten throne. -- -- -- -- Before you lies the servitor of chaos, -- -- The cleaver, -- -- The blasphemer, -- -- The destroyer, -- -- The Axe of Woe. -- -- -- -- Vessel of Makhleb, -- -- You are the unmaker, -- -- You bring the rapture, -- -- The murmurs of the thralls rise... -- -- The theatre of blood begins. -- -- -- ------------------------------------------------------------------------------ ------------------------------------------------------------------------------ Welcome, packetloss the Ghoul Warper.
Found the +∞ Axe of Woe.
Found four burning altars of Makhleb.
Found a staircase leading out of the dungeon.
l - the +∞ Axe of Woe Wield which item (- for none, * to show all)? (? for menu, Esc to quit)
l - the +∞ Axe of Woe (weapon)
You hear a shout! x8
A bag of meat comes into view. It is wielding a +9 war axe.
Unknown command.
The bag of meat shouts!
You hear a shout! x9
There is a burning altar of Makhleb here.
Unknown command.
Press < or > to pray at altars.
You kneel at the altar of Makhleb.
Makhleb welcomes you!
You hear a shout! x7
A bag of meat comes into view. It is wielding a +9 war axe.
Unknown command.
Press < or > to pray at altars.
You hear a shout! x8 3 orcs and 2 ogres come into view.
The bag of meat shouts!
The meat berserker shouts! x2; You hear a shout! x6
A meat berserker comes into view. It is wielding a +9 battleaxe.
Unknown command.
A bag of meat comes into view. It is wielding a +9 war axe.
You hear a shout! x13
An orc and 2 ogres come into view. 2 orcs come into view.
The bag of meat shouts! x3; You hear a shout! x8
A bag of meat comes into view. It is wielding a +9 war axe.
The bag of meat shouts!
The meat berserker rages.
You hear a shout! x8 2 orcs come into view.
The bag of meat shouts! x2
You slash the bag of meat!
You pulverise the bag of meat into a thin bloody mist.
You kill the bag of meat!
Makhleb accepts your kill.
Your Axes skill gained 19 levels and is now at level 20!
Your Dodging skill gained 14 levels and is now at level 15!
You have reached level 2!
You have reached level 3!
Your experience leads to an increase in your attributes!
Increase (S)trength, (I)ntelligence, or (D)exterity?
You feel agile.
You have reached level 4!
You have reached level 5!
You feel stronger.
You have reached level 6!
Your experience leads to an increase in your attributes!
Increase (S)trength, (I)ntelligence, or (D)exterity?
You feel agile.
You have reached level 7!
You have reached level 8!
You have reached level 9!
Your experience leads to an increase in your attributes!
Increase (S)trength, (I)ntelligence, or (D)exterity?
You feel agile.
You have reached level 10!
You feel stronger.
You have reached level 11!
You have reached level 12!
Your experience leads to an increase in your attributes!
Increase (S)trength, (I)ntelligence, or (D)exterity?
You feel agile.
You hear a shout! x5
The meat berserker appears out of thin air!
A meat berserker comes into view. It is wielding a +9 battleaxe.
You hear a shout! x2
The meat berserker hits you with a +9 battleaxe!
You hear a shout! x6
The meat berserker hits you with a +9 battleaxe!!
The bag of meat hits you with a +9 war axe!!
* * * LOW HITPOINT WARNING * * *
The bag of meat hits you with a +9 war axe!!!
You die...

#.....#..o... . .
#_.<._#.O....
....#.....#......
......._.........
......###.oO.....
o###.......###...
#....oO.#
#....O@O#
......oo.......
..o..........#.
....oo.o...o#O.
..........##..o
#.o....o.#. ..O
.........#.. ##
#.#..........


You could see 7 meat berserkers and 13 bags of meat.

Vanquished Creatures
  An orc (D)
1 creature vanquished.

Notes
Turn   | Place    | Note
-------+----------+-------------------------------------------
     0 | D        | packetloss the Ghoul Warper began the quest for the Orb.
     0 | D        | Reached XP level 1. HP: 17/17 MP: 2/2
     3 | D        | Noticed a bag of meat
     4 | D        | Became a worshipper of Makhleb the Destroyer
     5 | D        | Noticed a bag of meat
     6 | D        | Noticed a bag of meat
     6 | D        | Noticed a bag of meat
     6 | D        | Noticed a bag of meat
     6 | D        | Noticed a meat berserker
     6 | D        | Noticed a meat berserker
     7 | D        | Noticed a meat berserker
     7 | D        | Noticed a bag of meat
     8 | D        | Noticed a meat berserker
     8 | D        | Noticed a bag of meat
     8 | D        | Noticed a meat berserker
     8 | D        | Noticed a bag of meat
     8 | D        | Noticed a bag of meat
     9 | D        | Noticed a bag of meat
    10 | D        | Noticed a bag of meat
    10 | D        | Noticed a bag of meat
    10 | D        | Killed a bag of meat
    10 | D        | Reached skill level 20 in Axes
    10 | D        | Reached skill level 15 in Dodging
    10 | D        | Reached XP level 2. HP: 24/24 MP: 3/3
    10 | D        | Reached XP level 3. HP: 29/29 MP: 4/4
    10 | D        | Reached XP level 4. HP: 36/36 MP: 5/5
    10 | D        | Reached XP level 5. HP: 41/41 MP: 6/6
    10 | D        | Reached XP level 6. HP: 48/48 MP: 7/7
    10 | D        | Reached XP level 7. HP: 55/55 MP: 8/8
    10 | D        | Reached XP level 8. HP: 61/61 MP: 9/9
    10 | D        | Reached XP level 9. HP: 67/67 MP: 10/10
    10 | D        | Reached XP level 10. HP: 73/73 MP: 11/11
    10 | D        | Reached XP level 11. HP: 79/79 MP: 12/12
    10 | D        | Reached XP level 12. HP: 85/85 MP: 13/13
    10 | D        | HP: 11/85 [bag of meat/+9 war axe (27)]
    10 | D        | Annihilated by a bag of meat

Vault maps used:
D:        meatsprint

Skill      XL: |  1 |
---------------+----+-----
Axes           | 20 | 20.4
Dodging        | 15 | 15.3
Fighting       | |  2.1
Throwing       | |  0.8
Armour         | |  0.8
Spellcasting   | |  1.7
Translocations | |  2.6

Action                   |  1- 3 |  4- 6 |  7- 9 | 10-12 || total
-------------------------+-------+-------+-------+-------++-------
Melee: Executioner's axe |     1 |       |       |       ||     1

Vault maps used:
D:        meatsprint

Table legend:
 A = Turns spent in this place as a percentage of turns spent in the entire game.
 B = Non-inter-level travel turns spent in this place as a percentage of non-inter-level travel turns spent in the entire game.
 C = Inter-level travel turns spent in this place as a percentage of turns spent in this place.
 D = Turns resting spent in this place as a percentage of non-inter-level travel turns spent in this place.
 E = Turns spent auto-exploring this place as a percentage of non-inter-level travel turns spent in this place.
 F = Non-inter-level travel turns spent in this place divided by the number of levels of this place that you've seen.
                   A       B       C       D       E      F
               +-------+-------+-------+-------+-------+----------------------
         Total | 100.0 | 100.0 |   0.0 |   0.0 |   0.0 |  15.0
       Dungeon | 100.0 | 100.0 |   0.0 |   0.0 |   0.0 |  15.0
               +-------+-------+-------+-------+-------+----------------------

Table legend:
 A = Kills in this place as a percentage of kills in entire the game.
 B = Kills by you in this place as a percentage of kills by you in the entire game.
 C = Kills by friends in this place as a percentage of kills by friends in the entire game.
 D = Other kills in this place as a percentage of other kills in the entire game.
 E = Experience gained in this place as a percentage of experience gained in the entire game.
 F = Experience gained in this place divided by the number of levels of this place that you have seen.
                   A       B       C       D       E      F
               +-------+-------+-------+-------+-------+----------------------
         Total | 100.0 | 100.0 |  -nan |  -nan | 100.0 | 18760.0
       Dungeon | 100.0 | 100.0 |  -nan |  -nan | 100.0 | 18760.0
               +-------+-------+-------+-------+-------+----------------------
